 Dungeon Crawl Stone Soup version 0.22.1-1-ga44c0e56f4 (webtiles) character file.

61 Jynx the Changer (level 4, -4/28 HPs)
             Began as an Octopode Transmuter on Nov 5, 2018.
             Slain by an ice beast (12 damage)
             ... on level 2 of the Dungeon.
             The game lasted 00:03:32 (1797 turns).

Jynx the Changer (Octopode Transmuter)              Turns: 1797, Time: 00:03:33

Health: -4/28      AC:  1    Str:  9    XL:     4   Next: 7%
Magic:  8/8        EV: 13    Int: 15    God:
Gold:   87         SH:  0    Dex: 13    Spells: 2/8 levels left

rFire    . . .     SeeInvis .     - Unarmed
rCold    . . .     Gourm    .   (no shield)
rNeg     . . .     Faith    .   (helmet restricted)
rPois    .         Spirit   .   (no amulet)
rElec    .         Reflect  .   b - ring of flight
rCorr    .         Harm     .   (no ring)
MR       .....                  (no ring)
Stlth    ++........             (no ring)
HPRegen  0.09/turn              (no ring)
MPRegen  0.11/turn              (no ring)
                                (no ring)
                                (no ring)

@: no status effects
A: almost no armour, stealthy swim, amphibious, 8 rings, constrict 8, camouflage
1, gelatinous body 1
a: Evoke Flight


You were on level 2 of the Dungeon.
You were very hungry.

You visited 1 branch of the dungeon, and saw 3 of its levels.

You collected 87 gold pieces.

Inventory:

Missiles
 a - 31 arrows
Jewellery
 b - a ring of flight (left tentacle)
Scrolls
 d - 3 scrolls of amnesia {unknown}
 e - a scroll of enchant armour {unknown}
 g - a scroll of immolation {unknown}
 i - 2 scrolls of teleportation {unknown}
 j - 2 scrolls of identify {unknown}
 k - 2 scrolls of remove curse {unknown}
 m - a scroll of noise {unknown}
Potions
 f - a potion of berserk rage {unknown}
 h - a potion of magic {unknown}
 l - a potion of degeneration {unknown}
Comestibles
 c - 4 rations


   Skills:
 - Level 1.0 Fighting
 - Level 2.0 Dodging
 - Level 3.0 Unarmed Combat
 + Level 2.7 Spellcasting
 * Level 3.6 Transmutations


You had 2 spell levels left.
You knew the following spells:

 Your Spells              Type           Power        Failure   Level  Hunger
a - Beastly Appendage     Tmut           ##....       4%          1    #......
b - Sticks to Snakes      Tmut           ##......     7%          2    ##.....
c - Spider Form           Tmut/Pois      #.........   28%         3    ###....

Your spell library contained the following spells:

 Spells                   Type           Power        Failure   Level  Hunger
 Ice Form                 Ice/Tmut       #.......     67%         4    #####..
 Blade Hands              Tmut           ##........   77%         5    ######.


Dungeon Overview and Level Annotations

Branches:
Dungeon (3/15)

Altars:


Innate Abilities, Weirdness & Mutations

You cannot wear most types of armour.
You are very stealthy in the water. (Stealth+)
You are amphibious.
You can wear up to eight rings at the same time.
You can use your tentacles to constrict eight enemies at once.
Your skin changes colour to match your surroundings (Stealth+).
Your rubbery body absorbs attacks. (AC +1, EV +1)


Message History

You are feeling very hungry.
You hit the ice beast.
The ice beast is lightly wounded.
The ice beast closely misses you.
You barely miss the ice beast.
The ice beast is lightly wounded.
The ice beast hits you. The ice beast freezes you!
* * * LOW HITPOINT WARNING * * *
Your transformation is almost over.
The ice beast closely misses you.
Your transformation has ended.
You see here a whip.
There is a stone staircase leading up here.
There is an open door here.
There is an open door here.
There is a stone staircase leading up here.
The ice beast hits you.
* * * LOW HITPOINT WARNING * * *
The ice beast freezes you!
You die...

#.# #.......# #
#.###.......# #
#.........### #
#.#######.# # #.#
#.########## # #.#
#..........# # ...
##########.# #
######.........#
#.......Y@###### #
##.....###....#
....
#......'......#
#...#......###..#.#
#...#......# #..#.#
....#......# ##.###
#'#......## #.# #
#.###.#### #.# #.
#.###.# #.#


You could see an ice beast.

Vanquished Creatures
  2 adders (D:2)
  2 worms (D:2)
  3 dart slugs
  A leopard gecko (D:1)
  6 bats (D:1)
  A giant cockroach (D:1)
  5 goblins
  5 hobgoblins
  3 frilled lizards
  2 kobolds
30 creatures vanquished.

Notes
Turn   | Place    | Note
-------+----------+-------------------------------------------
     0 | D:1      | Jynx the Octopode Transmuter began the quest for the Orb.
     0 | D:1      | Reached XP level 1. HP: 13/13 MP: 3/3
   176 | D:1      | Reached XP level 2. HP: 18/18 MP: 3/5
   543 | D:1      | Reached XP level 3. HP: 23/23 MP: 4/6
  1356 | D:2      | Reached XP level 4. HP: 18/28 MP: 5/8
  1646 | D:2      | Noticed an ice beast
  1658 | D:3      | Learned a level 2 spell: Sticks to Snakes
  1662 | D:3      | Learned a level 3 spell: Spider Form
  1797 | D:2      | Slain by an ice beast

Skill      XL: |  1  2 |
---------------+-------+-----
Transmutations | 3 |  3.6
Fighting       | |  1.0
Dodging        | |  2.0
Unarmed Combat | |  3.0
Spellcasting   | |  2.7

Action                   |  1- 3 |  4- 6 || total
-------------------------+-------+-------++-------
Melee: Unarmed           |    56 |     3 ||    59
       Kick              |    13 |       ||    13
       Constrict         |    14 |       ||    14
       Tentacles         |    10 |       ||    10
 Cast: Beastly Appendage |    18 |       ||    18
       Spider Form       |       |     1 ||     1
 Stab: Sleeping          |     2 |       ||     2
  Eat: Chunk             |     2 |       ||     2
Armor: Skin              |     5 |     1 ||     6
Dodge: Dodged            |    40 |     3 ||    43
